 Dungeon Crawl Stone Soup version 0.32-a0-312-g1d7162e751 (webtiles) character file.

Game seed: 6067140939661808151

23088 Nattfarinn the Grappler (level 13, 0/80 HPs)
             Began as an Octopode Shapeshifter on Feb 15, 2024.
             Was a High Priest of Hepliaklqana.
             Slain by a bone dragon (13 damage)
             ... on level 2 of the Abyss.
             The game lasted 00:29:36 (13343 turns).

Nattfarinn the Grappler (Octopode Shapeshifter)    Turns: 13343, Time: 00:29:36

Health: 0/80       AC:  1    Str: 17    XL:     13   Next: 4%
Magic:  13/13      EV: 31    Int: 13    God:    Hepliaklqana [*****.]
Gold:   875        SH:  0    Dex: 12    Spells: 12/12 levels left

rFire   . .          .
                       - Unarmed
rCold   . . .        (shield currently unavailable)
rNeg    . . .        (helmet restricted)
rPois   .            M - amulet of regeneration
rElec   .            e - ring of resist corrosion
rCorr   +            h - ring of wizardry
SInv    .            C - +5 ring of evasion
Will    .....        J - +5 ring of evasion
Stlth   +            P - ring of wizardry
HPRegen 1.13/turn    (no ring)
MPRegen 0.13/turn    (no ring)
                     (no ring)

%: wizardry (x2)
@: flux-form, glowing
A: glow, contaminating, reduced essence, almost no armour, amphibious, 8 rings,
camouflage 1, gelatinous body 1, (nimble swimmer 1), tentacles
a: Begin Untransformation, Renounce Religion, Recall Ancestor, Ancestor
Identity, Transference, Idealise


You were on level 2 of the Abyss.
You worshipped Hepliaklqana.
Hepliaklqana was extremely pleased with you.
You were something dangerously unstable.
You visited 2 branches of the dungeon, and saw 16 of its levels.
You visited the Abyss 1 time.

You collected 875 gold pieces.

Inventory:

Missiles
 q - 3 throwing nets (quivered)
Jewellery
 e - a ring of resist corrosion (left tentacle)
 h - a ring of wizardry (right tentacle)
 C - a +5 ring of evasion (on tentacle)
 J - a +5 ring of evasion (on tentacle)
 M - an amulet of regeneration (around mantle)
 N - an amulet of guardian spirit
 P - a ring of wizardry (on tentacle)
Talismans
 b - a beast talisman
 c - a flux talisman (active)
Wands
 x - a wand of digging (2)
 B - a wand of flame (45)
 F - a wand of light (24)
 G - a wand of roots (23)
 I - a wand of charming (14)
 K - a wand of mindburst (6)
Scrolls
 d - 3 scrolls of amnesia
 f - 5 scrolls of noise
 g - a scroll of revelation
 i - 2 scrolls of fog {unknown}
 k - 6 scrolls of teleportation
 p - a scroll of enchant armour {unknown}
 r - 6 scrolls of vulnerability
 v - a scroll of silence {unknown}
 w - a scroll of immolation {unknown}
 y - 2 scrolls of fear
 A - a scroll of enchant weapon {unknown}
 H - 3 scrolls of brand weapon {unknown}
 L - 2 scrolls of acquirement {unknown}
 O - 7 scrolls of identify
Potions
 a - 3 potions of lignification
 j - 2 potions of invisibility {unknown}
 l - a potion of ambrosia {unknown}
 n - 3 potions of attraction
 o - 2 potions of mutation
 s - 2 potions of brilliance {unknown}
 t - a potion of enlightenment {unknown}
 u - 4 potions of curing
 z - 2 potions of resistance {unknown}
 D - 2 potions of haste {unknown}
 E - a potion of cancellation {unknown}
 Q - 3 potions of might {unknown}
 R - a potion of berserk rage {unknown}


   Skills:
 - Level 8.6 Fighting
 - Level 11.3 Dodging
 - Level 12.3 Unarmed Combat
 + Level 11.1 Shapeshifting


You had 12 spell levels left.
You didn't know any spells.
Your spell library contained the following spells:

 Spells                   Type           Power      Damage    Failure   Level
 Apportation              Tloc           0%         N/A       9%          1
 Kiss of Death            Conj/Necr      0%         2d5       9%          1
 Magic Dart               Conj           0%         1d3       9%          1
 Necrotise                Necr           0%         1d4       9%          1
 Sandblast                Erth           0%         2d4       9%          1
 Shock                    Conj/Air       0%         1d3       9%          1
 Sting                    Conj/Alch      0%         1d3       9%          1
 Summon Small Mammal      Summ           0%         N/A       9%          1
 Blink                    Tloc           0%         N/A       13%         2
 Call Imp                 Summ           0%         N/A       13%         2
 Lesser Beckoning         Tloc           0%         N/A       13%         2
 Mercury Vapours          Alch/Air       0%         N/A       13%         2
 Searing Ray              Conj           0%         2d4       13%         2
 Sublimation of Blood     Necr           0%         N/A       13%         2
 Confusing Touch          Hex            0%         N/A       24%         3
 Gell's Gravitas          Tloc           0%         N/A       24%         3
 Passwall                 Erth           0%         N/A       24%         3
 Stone Arrow              Conj/Erth      0%         3d7       24%         3
 Swiftness                Air            0%         N/A       24%         3
 Teleport Other           Tloc           0%         N/A       24%         3
 Tukima's Dance           Hex            0%         N/A       24%         3
 Airstrike                Air            0%         2d(0-16)  58%         4
 Brom's Barrelling Bould  Conj/Erth      0%         2d3       58%         4
 Dimensional Bullseye     Hex/Tloc       0%         N/A       58%         4
 Dispel Undead            Necr           0%         3d6       58%         4
 Fulminant Prism          Conj/Alch      0%         3d5       58%         4
 Iskenderun's Mystic Bla  Conj/Tloc      0%         2d3       58%         4
 Olgreb's Toxic Radiance  Alch           0%         N/A       58%         4
 Petrify                  Alch/Erth      0%         N/A       58%         4
 Irradiate                Conj/Alch      0%         3d11      88%         5
 Dispersal                Tloc           0%         N/A       100%        6
 Chain Lightning          Conj/Air       0%         N/A       100%        9
 Fire Storm               Conj/Fire      0%         5d1       100%        9
 Shatter                  Erth           0%         3d5*      100%        9


Dungeon Overview and Level Annotations

Branches:
Dungeon (14/15)            Temple (0/1) D:6            Lair (2/5) D:11
    Orc (0/2) D:10
  Swamp: Lair:2-3    Shoals: Lair:2-3     Snake: Lair:2-3    Spider: Lair:2-3
 Vaults: D:13-14

Altars:
Cheibriados
Dithmenos
Gozag
Hepliaklqana
Kikubaaqudgha
Nemelex Xobeh
Okawaru
Qazlal
Ru
Vehumet
Wu Jian
Yredelemnul
The Shining One

Shops:
D:3 [   D:7 (   D:9 !   D:11 *

Portals:
Trove: D:11 (give 3 scrolls of blinking)

Annotations:
D:7 3 runed translucent doors, TheViccler's ghost, novice TrFi
D:8 1 runed translucent door, feta's ghost, novice GnGl
D:11 3 runed translucent doors, Loefaen's ghost, journeyman HOMo
D:12 Sonja


Innate Abilities, Weirdness & Mutations

You are something dangerously unstable.
You glow with magical radiation, making you easy to see and hit.
Foes you strike become dangerously contaminated with magical radiation.
You are incapable of wielding weapons or throwing items.
Your life essence is reduced to manifest your ancestor. (-10% HP)
You cannot wear most types of armour.
You are amphibious.
You can wear up to eight rings at the same time.
Your skin changes colour to match your surroundings (Stealth+).
Your rubbery body absorbs attacks. (AC +1, EV +1)
((You are camouflaged when in or above water. (Stealth+)))
You have tentacles for arms and can constrict up to eight enemies at once.


Message History

The laughing skull glows dangerously bright.
The laughing skull is severely damaged.
You constrict the laughing skull.
The laughing skull struggles to escape constriction.
Wetril Utre hits the laughing skull but does no damage.
The bone dragon bites Wetril Utre.
The bone dragon claws Wetril Utre but does no damage.
The bone dragon tramples Wetril Utre!
Wetril Utre holds his ground!
You tentacle-slap the laughing skull but do no damage.
The laughing skull shudders as magic cascades through it!
You destroy the laughing skull!
Wetril Utre barely misses the bone dragon.
Wetril Utre completely misses the bone dragon.
The bone dragon bites you. The bone dragon claws you!
The bone dragon tramples you!!
You stumble backwards!
Wetril Utre hits the bone dragon but does no damage. x2
Unknown command.
You tentacle-slap the bone dragon but do no damage.
The bone dragon begins to glow.
You squeeze the bone dragon, but do no damage.
The bone dragon completely misses you. The bone dragon claws you.
The bone dragon barely misses you.
Wetril Utre hits the bone dragon but does no damage.
You bludgeon the bone dragon!
The bone dragon glows dangerously bright.
The bone dragon is lightly damaged.
Wetril Utre hits the bone dragon with a +0 dagger of draining.
The bone dragon bites you. The bone dragon completely misses you.
The bone dragon misses you.
Wetril Utre hits the bone dragon with a +0 dagger of draining.
You tentacle-slap the bone dragon but do no damage.
The bone dragon shudders as magic cascades through it.
You squeeze the bone dragon, but do no damage.
The bone dragon is lightly damaged.
Wetril Utre hits the bone dragon but does no damage.
The bone dragon bites you. The bone dragon claws you!
* * * LOW HITPOINT WARNING * * *
The bone dragon tramples you!
You die...
Hepliaklqana delivers you to your ancestors.

.. .# #..#.##
.. # . .#.#.#
#.#. ..### ##
.#. ..#.#
#.##.#.#.####
##.#... .#.##
......#.#.#
## #.##.##
#pD...#
#.R..##
#.#.#.#
#####..# # ##
z. z #.


You could see the friendly Wetril Utre the hexer and a bone dragon (ally
target).

Vanquished Creatures
  A hydra (Lair:2)
  A boulder beetle (D:14)
  2 two-headed ogres
  A death yak (D:10)
  Pikel (D:8)
  2 cyclopes
  4 elephants (Lair:1)
  A gargoyle (D:7)
  A cane toad (Lair:1)
  3 komodo dragons
  4 trolls
  6 blink frogs
  A wyvern (D:8)
  17 yaks
  3 vampires
  2 shadows
  2 wraiths
  A warg (D:10)
  A basilisk (Lair:1)
  2 steam dragons
  3 vampire mosquitoes (D:11)
  5 water moccasins
  2 acid dragons
  3 black bears
  5 orc warriors
  2 ice beasts
  A wolf (D:10)
  5 centaurs
  3 laughing skulls (Abyss:2)
  An ogre (D:6)
  A lemure (D:8)
  7 bullfrogs
  A gnoll sergeant (D:11)
  2 scorpions
  A small abomination (Abyss:2)
  9 wights
  3 killer bees (D:9)
  2 howler monkeys
  2 bombardier beetles
  A hexer (D:12)
  10 orc priests
  3 gnoll boudas
  2 hounds (D:4)
  A jelly (D:6)
  A sleepcap (D:6)
  2 iguanas (Lair:2)
  8 orc wizards
  19 gnolls
  12 adders
  2 adder zombies (D:8)
  A dart slug (D:5)
  3 ribbon worms
  33 orcs
  11 endoplasms
  6 giant cockroaches
  12 goblins
  7 hobgoblins
  5 quokkas
  12 ball pythons
  6 bats
  A frilled lizard (D:3)
  10 kobolds
  8 rats
290 creatures vanquished.

Vanquished Creatures (collateral kills)
  2 elephants
  3 komodo dragons (Lair:2)
  A troll (D:10)
  7 blink frogs
  2 dream sheep (Lair:2)
  A shadow (D:8)
  A vampire mosquito (D:11)
  A water moccasin (D:8)
  An orc warrior (D:11)
  A wolf (D:10)
  2 bullfrogs
  A burial acolyte (D:8)
  2 wights (D:8)
  2 killer bees (D:9)
  A howler monkey (D:10)
  A gnoll bouda (Lair:2)
  6 iguanas (Lair:2)
  6 gnolls
  2 orcs
43 creatures vanquished.

Vanquished Creatures (others)
  7 hexers
  3 ancestors (D:7)
  9 starspawn tentacles (Abyss:2)
19 creatures vanquished.

Grand Total: 352 creatures vanquished

Notes
Turn   | Place    | Note
-------+----------+-------------------------------------------
     0 | D:1      | Nattfarinn the Octopode Shapeshifter began the quest for
                  | the Orb.
     0 | D:1      | Reached XP level 1. HP: 13/13 MP: 1/1
   128 | D:1      | Reached XP level 2. HP: 16/18 MP: 2/2
   306 | D:1      | Reached XP level 3. HP: 23/23 MP: 3/3
   724 | D:1      | Reached XP level 4. HP: 28/28 MP: 4/4
   907 | D:2      | Reached skill level 5 in Shapeshifting
  1081 | D:2      | Reached XP level 5. HP: 33/33 MP: 5/5
  1677 | D:3      | Found Opint's Armour Shoppe.
  1720 | D:3      | Reached XP level 6. HP: 31/38 MP: 6/6
  2069 | D:3      | Found a snail-covered altar of Cheibriados.
  2260 | D:3      | Found a faded altar of an unknown god.
  2753 | D:4      | Reached XP level 7. HP: 29/43 MP: 7/7
  3387 | D:5      | Entered Level 5 of the Dungeon
  3387 | D:5      | Noticed a yak
  3387 | D:5      | Noticed a yak
  3387 | D:5      | Noticed a yak
  3387 | D:5      | Noticed a yak
  3513 | D:5      | Reached skill level 4 in Unarmed Combat
  3650 | D:5      | Reached XP level 8. HP: 50/50 MP: 8/8
  3940 | D:5      | Found a sparkling altar of Nemelex Xobeh.
  4072 | D:5      | Reached skill level 5 in Unarmed Combat
  4177 | D:5      | Found a hazy altar of Hepliaklqana.
  4370 | D:5      | Became a worshipper of Hepliaklqana the Forgotten
  4454 | D:5      | Noticed a yak
  4466 | D:4      | Killed a yak
  4467 | D:4      | Reached skill level 6 in Unarmed Combat
  4791 | D:5      | Killed a yak
  4900 | D:5      | Killed a yak
  4912 | D:5      | Killed a yak
  4913 | D:5      | Reached skill level 7 in Unarmed Combat
  4913 | D:5      | Reached XP level 9. HP: 53/59 MP: 9/9
  4922 | D:5      | Reached skill level 5 in Fighting
  5286 | D:6      | Found a glowing golden altar of the Shining One.
  5460 | D:6      | Identified the +0 chain mail of the Everdark {rElec}
  5530 | D:6      | Reached skill level 8 in Unarmed Combat
  5617 | D:6      | Found a staircase to the Ecumenical Temple.
  6052 | D:7      | Found Igoucux's Weapon Shoppe.
  6140 | D:7      | Found a basalt altar of Yredelemnul.
  6141 | D:7      | Found an ornate altar of the Wu Jian Council.
  6221 | D:7      | Reached * piety under Hepliaklqana
  6226 | D:7      | Reached skill level 9 in Unarmed Combat
  6741 | D:7      | Noticed a gargoyle
  6752 | D:7      | Killed a gargoyle
  6753 | D:7      | Reached XP level 10. HP: 51/62 MP: 10/10
  6920 | D:7      | Found a runed translucent gate.
  6923 | D:7      | Noticed a kobold demonologist
  6925 | D:7      | Found a runed translucent gate.
  6925 | D:7      | Found a runed translucent gate.
  6927 | D:7      | Noticed TheViccler's ghost (novice TrFi)
  7120 | D:8      | Reached skill level 10 in Unarmed Combat
  7423 | D:8      | Found a sacrificial altar of Ru.
  7614 | D:8      | Noticed Pikel
  7625 | D:8      | Killed Pikel
  7658 | D:8      | Reached ** piety under Hepliaklqana
  7659 | D:8      | Remembered your ancestor Wetril Utre as a hexer
  7673 | D:8      | Reached skill level 11 in Unarmed Combat
  7796 | D:8      | Found a runed translucent door.
  7796 | D:8      | Noticed feta's ghost (novice GnGl)
  8318 | D:8      | Found an ancient bone altar of Kikubaaqudgha.
  8603 | D:9      | Found Vommul's Distillery.
  8631 | D:9      | Found an opulent altar of Gozag.
  8745 | D:9      | Found a radiant altar of Vehumet.
  9182 | D:9      | Found a shadowy altar of Dithmenos.
  9416 | D:10     | Entered Level 10 of the Dungeon
  9452 | D:10     | Found an iron altar of Okawaru.
  9558 | D:10     | Reached skill level 12 in Unarmed Combat
  9567 | D:10     | Found a staircase to the Orcish Mines.
  9573 | D:10     | Reached XP level 11. HP: 70/70 MP: 11/11
  9578 | D:10     | Reached *** piety under Hepliaklqana
 10349 | D:11     | Found a staircase to the Lair.
 10357 | D:11     | Noticed a death yak
 10375 | D:10     | Killed a death yak
 10570 | D:11     | Reached skill level 5 in Dodging
 10715 | D:11     | Noticed a two-headed ogre
 10847 | D:11     | Killed a two-headed ogre
 10928 | D:11     | Found a runed translucent gate.
 10928 | D:11     | Found a runed translucent gate.
 10929 | D:11     | Noticed a nine-headed hydra
 10930 | D:11     | Found a runed translucent gate.
 10930 | D:11     | Noticed Loefaen's ghost (journeyman HOMo)
 10931 | D:11     | Noticed a nine-headed hydra
 11124 | D:11     | Found a portal to a secret trove of treasure.
 11320 | D:11     | Found Luyzer's Serpentskin Sales.
 11829 | Lair:1   | Entered Level 1 of the Lair of Beasts
 11957 | Lair:1   | Reached XP level 12. HP: 72/75 MP: 12/12
 11970 | Lair:1   | HP: 3/75 [elephant (19)]
 11975 | Lair:1   | Reached skill level 10 in Dodging
 12133 | Lair:1   | Reached **** piety under Hepliaklqana
 12234 | Lair:1   | You fall into a shaft and drop 1 floor!
 12234 | Lair:2   | Noticed a five-headed hydra
 12261 | Lair:2   | Killed a five-headed hydra
 12612 | Lair:1   | Found a stormy altar of Qazlal.
 12946 | D:12     | Reached skill level 10 in Shapeshifting
 13084 | D:12     | You fall into a shaft and drop 2 floors!
 13085 | D:14     | Noticed a two-headed ogre
 13095 | D:14     | Killed a two-headed ogre
 13096 | D:14     | Noticed a boulder beetle
 13110 | D:14     | Killed a boulder beetle
 13166 | D:13     | Reached XP level 13. HP: 80/80 MP: 13/13
 13173 | D:12     | Noticed Sonja
 13182 | Abyss:2  | Cast into level 2 of the Abyss (Sonja)
 13192 | Abyss:2  | Found a corrupted altar of Lugonu.
 13198 | Abyss:2  | Found a corrupted altar of Lugonu.
 13243 | Abyss:2  | Noticed a tentacled starspawn
 13250 | Abyss:2  | Noticed a rakshasa
 13312 | Abyss:2  | Reached ***** piety under Hepliaklqana
 13333 | Abyss:2  | Noticed a bone dragon
 13343 | Abyss:2  | Slain by a bone dragon

Illustrated notes

Levels and vault maps discovered:
D:1:      kilobyte_arrival_exit_the_forest, layout_basic, minmay_pentomino_w2
D:2:      cheibrodos_pilgrimage, layout_loops_ring
D:3:      layout_basic, slow_altar_2, dilly_ecumenical_altar_fadedgnrine,
          serial_shops, nicolae_shop_stone, nrook_mini_vaults, hex_medium,
          minmay_joined_circles
D:4:      layout_cave_pools, chequers_garden, cheibrodos_gnoll_hut
D:5:      layout_loops_cross, marbit_many_paths, mainiacjoe_overflow_alcove_4,
          serial_glass, glass_columns_b, glass_columns_b, kennysheep_nondescript
D:6:      layout_basic, tso_metal_star, minmay_temple_entry_tees
D:7:      layout_loops_cross, mainiacjoe_overflow_divided_tiny,
          gammafunk_ghost_nasty_kobolds, nicolae_stop_n_shop_1
D:8:      layout_layer_cave, lemuel_zombie_altar_kikubaaqudgha,
          mainiacjoe_overflow_chevrons, hellmonk_ghost_happy_afterlife,
          uniq_pikel
D:9:      layout_roguey, grunt_dithmenos_smoke_and_mirrors, vehumet_crystals,
          grunt_gozag_breadcrumbs, serial_shops, shop, abandoned_shop,
          minmay_misc_feat_room
D:10:     layout_cave_pods, lemuel_tele_altar, minmay_orc_entry_guard_dogs
D:11:     layout_loops_ring, dpeg_lair_monsters, enter_trove_1,
          gammafunk_ghost_hydra_chop, guppyfry_shop_venom
D:12:     layout_loops_cross, gauntlet_entry_generic,
          kennysheep_generic_room_14, uniq_sonja, uniq_kirke
D:13:     layout_irregular_city, ximxim_vaults_locker_room,
          muffindrake_ghost_dual_entry, uniq_josephine, uniq_jorgrun, uniq_lodul
D:14:     layout_rooms, chequers_mini_garden,
          nicolae_hepliaklqana_monster_ancestors
Lair:1:   layout_roguey, basic_altar
Lair:2:   beast_lair_carwin_large_4, layout_loops_ring,
          minmay_snake_entry_six_corridors, dreamdust_gnoll_shepherd
Abyss:2:  base: D:6, base: D:4, hangedman_abyss_or_decor_jellyfish_corner,
          hangedman_abyss_or_decor_jellyfish_corner, evilmike_abyss_exit_plants,
          hangedman_cross_veins

Skill      XL: |  1  2  3  4  5  6  7  8  9 10 11 12 |
---------------+-------------------------------------+-----
Shapeshifting  | 4 5 6 7 11 | 11.1
Fighting       | 2 4 6 8 |  8.6
Unarmed Combat | 4 7 9 12 | 12.3
Dodging        | 9 11 | 11.3

Action                     |  1- 3 |  4- 6 |  7- 9 | 10-12 | 13-15 || total
---------------------------+-------+-------+-------+-------+-------++-------
  Melee: Unarmed           |    49 |   138 |   226 |   442 |    30 ||   885
         Constrict         |    13 |    37 |    52 |    77 |     2 ||   181
         Tentacles         |     7 |    30 |    55 |   153 |     9 ||   254
         Punch             |     2 |     2 |     2 |       |       ||     6
 Invoke: Ancestor Life: He |       |       |       |     1 |       ||     1
         Recall Ancestor   |       |       |       |     3 |     2 ||     5
  Evoke: Wand              |       |       |       |     4 |       ||     4
    Use: Potion            |       |       |     3 |     1 |       ||     4
         Scroll            |       |       |     8 |     4 |     2 ||    14
   Stab: Sleeping          |     3 |     9 |     2 |       |       ||    14
         Distracted        |       |       |       |    10 |     1 ||    11
         Confused          |       |       |       |     3 |       ||     3
 Armour: Skin              |    12 |    48 |    66 |   130 |    14 ||   270
  Dodge: Dodged            |    24 |    45 |   160 |   453 |    39 ||   721
   Form: Flux              |       |       |     1 |       |       ||     1

Table legend: (Time is in decaauts)
 A = Elapsed time spent in this place.
 B = Non-inter-level travel time spent in this place.
 C = Inter-level travel time spent in this place.
 D = Time resting spent in this place.
 E = Time spent auto-exploring this place.
 F = Levels seen in this place.
 G = Mean time per level.
                   A        B        C        D        E       F      G
               +--------+--------+--------+--------+--------+-----+--------+
         Total |  13222 |  12462 |    760 |   1748 |   8225 |  17 |  777.8 |
       Dungeon |  12188 |  11447 |    741 |   1657 |   7718 |  14 |  870.6 |
          Lair |    878 |    860 |     18 |     91 |    507 |   2 |  439.0 |
         Abyss |    154 |    154 |      0 |      0 |      0 |   1 |  154.0 |
               +--------+--------+--------+--------+--------+-----+--------+

Top non-repeatable levels by time:
     D:5: 1707 daAuts
     D:8: 1494 daAuts
    D:11: 1190 daAuts
    D:10: 1171 daAuts
     D:7: 1139 daAuts
     D:4: 1046 daAuts
     D:3: 944 daAuts
     D:6: 889 daAuts
     D:9: 860 daAuts
     D:1: 750 daAuts
     D:2: 719 daAuts
  Lair:1: 577 daAuts
  Lair:2: 301 daAuts
    D:12: 190 daAuts
 Abyss:2: 154 daAuts
